 Dungeon Crawl Stone Soup version 0.29-a0-668-g12ee2bf84d (webtiles) character file.

Game seed: 16426393992008450714

84 riojii the Insei (level 4, -1/29 HPs)
             Began as an Octopode Transmuter on June 24, 2022.
             Killed by divine providence
             ... invoked by an orc priest
              (15 damage)
             ... on level 4 of the Dungeon.
             The game lasted 00:03:34 (3943 turns).

riojii the Insei (Octopode Transmuter)              Turns: 3943, Time: 00:03:34

Health: -1/29      AC:  1    Str:  9    XL:     4   Next: 46%
Magic:  6/7        EV: 13    Int: 15    God:
Gold:   158        SH:  0    Dex: 14    Spells: 3/7 levels left

rFire   . . .      SeeInvis .     - Unarmed
rCold   . . .      Faith    .   (no shield)
rNeg    . . .      Spirit   .   (helmet currently unavailable)
rPois   .          Reflect  .   (no amulet)
rElec   .          Harm     .   (no ring)
rCorr   .          Rampage  .   (no ring)
Will    .....                   (no ring)
Stlth   ++........              (no ring)
HPRegen 0.09/turn               (no ring)
MPRegen 0.10/turn               (no ring)
                                (no ring)
                                (no ring)

@: appendages
A: tentacle spike 3, almost no armour, amphibious, 8 rings, camouflage 1,
gelatinous body 1, (nimble swimmer 1), tentacles
a: End Transformation


You were on level 4 of the Dungeon.
One of your tentacles had grown a beastly spike.
You visited 1 branch of the dungeon, and saw 4 of its levels.

You collected 158 gold pieces.

Inventory:

Scrolls
 b - 2 scrolls of identify
 g - a scroll of magic mapping
 h - a scroll of acquirement {unknown}
 i - 2 scrolls of poison
 j - a scroll of summoning {unknown}
 m - a scroll of enchant weapon {unknown}
Potions
 a - 3 potions of lignification
 c - 2 potions of brilliance
 d - a potion of cancellation {unknown}
 e - 3 potions of curing
 f - a potion of berserk rage {unknown}
 k - a potion of heal wounds {unknown}
 l - a potion of haste {unknown}


   Skills:
 + Level 1.6 Fighting
 - Level 2.1 Dodging
 * Level 3.8 Unarmed Combat
 - Level 2.1 Spellcasting
 * Level 2.9 Transmutations
 * Level 1.5 Poison Magic


You had 3 spell levels left.
You knew the following spells:

 Your Spells              Type           Power      Damage    Failure   Level
a - Beastly Appendage     Tmut           20%        N/A       7%          1
b - Spider Form           Tmut/Pois      8%         N/A       26%         3

Your spell library contained the following spells:

 Spells                   Type           Power      Damage    Failure   Level
 Wereblood                Tmut           10%        N/A       10%         2
 Tukima's Dance           Hex            1%         N/A       54%         3
 Ice Form                 Ice/Tmut       6%         N/A       75%         4
 Passage of Golubria      Tloc           1%         N/A       91%         4
 Yara's Violent Unravell  Hex/Tmut       3%         3d4       97%         5


Dungeon Overview and Level Annotations

Branches:
Dungeon (4/15)
 Temple: D:4-7

Altars:
Ashenzari
Cheibriados
Trog
Vehumet
Wu Jian
Yredelemnul

Annotations:
D:3 3 runed translucent doors, zeratav's ghost, amateur SpAM
D:4 2 transporters, exclusion: statue, lunkers's ghost, novice FoFi


Innate Abilities, Weirdness & Mutations

One of your tentacles has grown a beastly spike.
You cannot wear most types of armour.
You are amphibious.
You can wear up to eight rings at the same time.
Your skin changes colour to match your surroundings (Stealth+).
Your rubbery body absorbs attacks. (AC +1, EV +1)
((You are camouflaged when in or above water. (Stealth+)))
You have tentacles for arms and can constrict up to eight enemies at once.


Message History

An orc is nearby!
An orc is nearby!
One of your tentacles grows a vicious spike.
The orc shouts!
You hear a shout! x2
An orc priest comes into view. It is wielding a +0 dagger.
You hear a shout! 2 orcs come into view.
An orc comes into view. It is wielding a +0 club.
An orc comes into view. It is wielding a +0 trident.
The orc moves out of view.
The orc shouts! x2; You hear a shout!
A kobold and an orc come into view.
The kobold shouts!
The orc barely misses you.
The orc moves out of view.
You barely miss the orc.
The orc priest shouts!
Your grab misses the orc.
Your tentacle spike misses the orc.
The orc priest calls down the wrath of Beogh upon you.
Beogh smites you!
Ouch! That really hurt!
You are too injured to fight recklessly!
You are too injured to fight recklessly!
You are too injured to fight recklessly!
You are too injured to fight recklessly!
You are too injured to fight recklessly!
You are too injured to fight recklessly!
You are too injured to fight recklessly!
You are too injured to fight recklessly!
You are too injured to fight recklessly!
You are too injured to fight recklessly!
You are too injured to fight recklessly!
You are too injured to fight recklessly!
You are too injured to fight recklessly!
You are too injured to fight recklessly!
The air fills with toxic fumes!
As you read the scroll of poison, it crumbles to dust.
The orc priest calls down the wrath of Beogh upon you.
Beogh smites you!
Ouch! That really hurt!
You die... ........ ......... §§§## ......... §o§§# ........# o§§§ ........# o§§ ........# §§# ........# oo#

.......# ##o#
.......# # #@§#
.......#.. #§§#
#......... ##§##
#.......... #§§#
##........# ##§##
...#####..####§§###
### ..##
##.....§§..####.#
.##
#.....§§§...##.##
## #...........#..#


You could see an orc priest and 5 orcs.

Vanquished Creatures
  A howler monkey zombie (D:3)
  An adder (D:3)
  A worm (D:3)
  A dart slug (D:1)
  2 orcs (D:3)
  3 ball pythons
  7 endoplasms
  2 giant cockroaches
  9 goblins
  8 hobgoblins
  3 quokkas
  3 bats
  A frilled lizard (D:2)
  A giant cockroach zombie (D:3)
  4 kobolds
  3 rats
50 creatures vanquished.

Notes
Turn   | Place    | Note
-------+----------+-------------------------------------------
     0 | D:1      | riojii the Octopode Transmuter began the quest for the Orb.
     0 | D:1      | Reached XP level 1. HP: 13/13 MP: 3/3
   157 | D:1      | Reached XP level 2. HP: 11/18 MP: 5/5
   277 | D:1      | Found a faded altar of an unknown god.
  1288 | D:2      | Reached XP level 3. HP: 23/23 MP: 4/6
  1292 | D:2      | Learned a level 3 spell: Spider Form
  2648 | D:3      | Reached skill level 1 in Poison Magic
  2770 | D:3      | Found an ornate altar of the Wu Jian Council.
  3064 | D:3      | Reached XP level 4. HP: 28/28 MP: 5/7
  3081 | D:3      | Found a runed translucent gate.
  3081 | D:3      | Found a runed translucent gate.
  3081 | D:3      | Found a runed translucent gate.
  3081 | D:3      | Noticed zeratav's ghost (amateur SpAM)
  3083 | D:3      | Found a basalt altar of Yredelemnul.
  3242 | D:3      | Found a snail-covered altar of Cheibriados.
  3566 | D:3      | Found a bloodstained altar of Trog.
  3821 | D:4      | Noticed a necrophage
  3821 | D:4      | Found a transporter.
  3827 | D:4      | Found a transporter.
  3827 | D:4      | Noticed lunkers's ghost (novice FoFi)
  3843 | D:4      | Found a radiant altar of Vehumet.
  3843 | D:4      | Noticed a frost-covered statue
  3876 | D:4      | Found a broken altar of Ashenzari.
  3943 | D:4      | Killed from afar by an orc priest

Illustrated notes

Levels and vault maps discovered:
D:1:      dpeg_arrival_rooms_a, layout_basic,
          hellmonk_ecumenical_altar_lost_god, chequers_mini_garden
D:2:      layout_loops_corners, corexii_shack, due_unseen_surprise
D:3:      cheibrodos_helix_gallery, layout_basic,
          nicolae_yredelemnul_ghost_church, nicolae_wu_jian_wuxing_cycle,
          mainiacjoe_overflow_boulevard, trog_hazing_becter
D:4:      layout_layer_cave, lemuel_round_altar, vehumet_statue, serial_shops,
          kennysheep_little_box, gammafunk_ghost_arena

Skill      XL: |  1  2  3 |
---------------+----------+-----
Poison Magic   | 1 |  1.5
Fighting       | |  1.6
Dodging        | |  2.1
Unarmed Combat | |  3.8
Spellcasting   | |  2.1
Transmutations | |  2.9

Action                   |  1- 3 |  4- 6 || total
-------------------------+-------+-------++-------
Melee: Unarmed           |    78 |    32 ||   110
       Constrict         |    25 |     8 ||    33
       Kick              |    21 |     8 ||    29
       Tentacles         |    13 |    10 ||    23
       Punch             |     4 |     2 ||     6
 Cast: Beastly Appendage |    26 |     6 ||    32
  Use: Scroll            |     8 |     1 ||     9
 Stab: Sleeping          |     7 |       ||     7
Armor: Skin              |    10 |     4 ||    14
Dodge: Dodged            |    45 |    20 ||    65

Table legend: (Time is in decaauts)
 A = Elapsed time spent in this place.
 B = Non-inter-level travel time spent in this place.
 C = Inter-level travel time spent in this place.
 D = Time resting spent in this place.
 E = Time spent auto-exploring this place.
 F = Levels seen in this place.
 G = Mean time per level.
                   A        B        C        D        E       F      G
               +--------+--------+--------+--------+--------+-----+--------+
         Total |   3936 |   3825 |    111 |    580 |   2834 |   4 |  984.0 |
       Dungeon |   3936 |   3825 |    111 |    580 |   2834 |   4 |  984.0 |
               +--------+--------+--------+--------+--------+-----+--------+

Top non-repeatable levels by time:
     D:3: 1397 daAuts
     D:2: 1272 daAuts
     D:1: 1145 daAuts
     D:4: 121 daAuts
